Map: Torches LE

Players

BlueSpaceCat

  • Race: Protoss Protoss
  • Spawn Location: 1:00

SubN - Winner!

  • Race: Zerg Zerg
  • League: Diamond
  • Spawn Location: 5:00

VOD

Have the link to the VOD?

Description

Time

  • Played on: July 28, 2025, 6:21 p.m.
  • Length: 4:14
Show
View Real Time Build Order
Export as new Build Order

BlueSpaceCat Protoss 

Build Orders:  

Get SALT Encoding   

  12  0:18  Probe  
  13  0:30  Probe  
  14  0:42  Probe  
  15  1:01  Pylon  
  15  1:19  Probe  
  15  1:20  Nexus  
  16  1:31  Probe  
  17  1:34  Pylon  
  17  1:43  Probe  
  18  1:55  Probe  
  19  2:03  Gateway  
  19  2:07  Probe  
  20  2:12  Assimilator  
  20  2:30  Pylon  
  20  2:39  Probe  
  20  2:41  Probe  
  22  2:46  Pylon  
  23  2:51  Probe  
  23  2:53  Probe  
  23  2:57  Zealot  
  26  3:03  Probe  
  26  3:05  Probe  
  28  3:10  Forge  
  28  3:15  Probe  
  28  3:17  Probe  
  30  3:24  Zealot  
  32  3:27  Probe  
  32  3:29  Probe  
  34  3:41  Probe  
Show
View Real Time Build Order
Export as new Build Order

SubN Zerg - Winner!

Build Orders: Hatch First 

Get SALT Encoding   

  12  0:00  Drone  
  13  0:12  Overlord  
  13  0:19  Drone  
  14  0:30  Drone x2  
  16  0:56  Hatchery  
  16  0:57  Drone x2  
  17  0:58  Drone  
  17  1:03  Extractor  
  17  1:15  Spawning Pool  
  16  1:22  Drone x2  
  18  1:44  Drone  
  19  2:20  Metabolic Boost  
  19  2:22  Queen x2  
  21  2:23  Hatchery  
  22  2:31  Zergling x8  
  22  2:36  Zergling x4  
  28  2:42  Overlord  
  28  2:49  Overlord  
  28  3:03  Drone  
  28  3:05  Queen  
  31  3:23  Drone x5  
  36  3:46  Drone x7  
  42  3:54  Overlord  
Tags
 
League
Diamond
Matchup
PvZ
Replay Pack
Multiplayer
Spawn Locations
Close Positions
Add a new tag
Caveats
  • Supply blocks, unpowered buildings, or Contaminate may cause inaccurate times.
  • Supply counts are checked every 10 seconds.